Map: Romanticide LE

Players

Azure

  • Race: Terran Terran

Seither - Winner!

  • Race: Terran Terran

Event: DreamHack SC2 Masters 2021 Fall

VOD

Have the link to the VOD?

Description

Time

  • Played on: July 29, 2021, 7:21 a.m.
  • Length: 21:21

All games in this series

Show
View Real Time Build Order
Export as new Build Order

Azure Terran 

Build Orders:  

Get SALT Encoding   

  12  0:00  SCV  
  13  0:12  SCV  
  14  0:17  Supply Depot  
  14  0:24  SCV  
  15  0:38  SCV  
  15  0:40  Barracks  
  16  0:44  Refinery  
  16  0:50  SCV  
  17  1:04  Barracks  
  17  1:05  SCV  
  18  1:17  SCV  
  19  1:30  Reaper, Orbital Command  
  20  1:53  Supply Depot  
  20  1:56  Reaper  
  20  1:58  SCV  
  22  2:07  Reaper  
  23  2:14  SCV  
  24  2:15  Command Center  
  24  2:26  SCV  
  24  2:28  Reaper  
  26  2:30  Refinery  
  26  2:37  Bunker  
  26  2:39  SCV  
  27  2:45  Reaper  
  27  2:51  SCV  
  29  3:03  SCV  
  31  3:14  Factory  
  31  3:15  SCV  
  31  3:27  Marine, SCV  
  31  3:30  Supply Depot, Orbital Command  
  31  3:33  Refinery  
  32  3:39  SCV  
  33  3:45  Marine  
  33  3:51  SCV  
  28  4:02  Marine  
  28  4:05  Hellion  
  28  4:06  SCV x2, Starport  
  33  4:18  SCV x2  
  35  4:25  Marine  
  35  4:27  Marine, Factory Tech Lab  
  35  4:30  SCV x2  
  39  4:36  Command Center  
  39  4:42  SCV x2  
  41  4:50  Marine x2  
  41  4:51  Starport Tech Lab  
  41  4:52  Cyclone  
  46  4:54  SCV x2  
  46  4:57  Supply Depot  
  48  5:06  SCV x2  
  48  5:10  Barracks Reactor, Raven  
  50  5:15  Barracks Tech Lab  
  50  5:18  SCV x2  
  50  5:19  Supply Depot  
  52  5:24  Siege Tank  
  55  5:30  SCV  
  55  5:31  SCV  
  57  5:39  Marine  
  57  5:41  Stimpack  
  56  5:42  SCV  
  56  5:43  SCV  
  56  5:48  Orbital Command  
  59  5:51  Barracks  
  59  5:55  SCV  
  59  5:56  Siege Tank  
  61  5:59  SCV  
  61  6:03  Refinery, Engineering Bay  
  62  6:04  Engineering Bay  
  62  6:06  Barracks Reactor  
  62  6:07  SCV  
  62  6:12  Marine, SCV  
  62  6:16  Viking  
  65  6:25  SCV x2  
  65  6:29  Marine, Viking  
  67  6:34  Siege Tank  
  67  6:38  Barracks Reactor  
  67  6:44  SCV  
  66  6:47  Marine, SCV x2  
  69  6:56  SCV  
  69  6:58  Viking  
  69  6:59  SCV  
  70  7:04  Viking  
  70  7:05  Marine  
  73  7:11  SCV x2  
  73  7:13  Siege Tank  
  73  7:14  SCV  
  79  7:19  Marine x2, Terran Infantry Weapons Level 1  
  79  7:20  Marine x2  
  79  7:22  Combat Shield  
  83  7:23  Marine  
  83  7:24  Orbital Command  
  83  7:25  SCV  
  85  7:30  Supply Depot  
  85  7:31  Supply Depot  
  85  7:51  Marine x2, Viking x2, SCV x2  
  85  7:52  Marine x3  
  96  8:01  Barracks  
  96  8:02  Barracks  
  96  8:03  SCV x2  
  98  8:09  Marine, SCV  
  100  8:15  Terran Infantry Armor Level 1, SCV  
  100  8:18  Armory  
  101  8:34  Supply Depot  
  101  8:36  Supply Depot  
  101  8:49  SCV  
  101  8:50  Marine  
  101  8:52  SCV  
  101  8:53  SCV  
  101  8:56  Marine x4, Siege Tank  
  101  8:58  Liberator x2  
  101  9:01  SCV  
  117  9:05  Barracks Reactor x2, SCV x2, Supply Depot  
  117  9:06  Supply Depot  
  117  9:13  Supply Depot  
  117  9:14  Supply Depot  
  117  9:15  Supply Depot  
  117  9:27  Marine x5, SCV x3  
  117  9:28  Siege Tank  
  117  9:29  Sensor Tower  
  128  9:32  Sensor Tower  
  128  9:39  SCV x3  
  128  9:41  Terran Infantry Weapons Level 2  
  128  9:43  Supply Depot  
  128  9:44  Supply Depot  
  128  9:45  Marine  
  132  9:51  Marine x4, SCV  
  135  9:57  Missile Turret  
  135  9:59  Marine x3  
  138  10:00  SCV, Siege Tank  
  138  10:02  Marine, SCV  
  138  10:03  SCV  
  138  10:06  Terran Vehicle Weapons Level 1  
  144  10:08  Marine x2  
  144  10:11  Marine  
  148  10:17  Marine x2  
  148  10:20  Command Center  
  148  10:22  Supply Depot  
  148  10:24  Medivac x2  
  148  10:25  Marine x3  
  155  10:29  Marine x2  
  155  10:32  Siege Tank  
  155  10:33  Marine x2  
  162  10:38  Marine x2  
  145  10:54  Marine  
  124  10:59  Medivac x2  
  124  11:00  Marine x6  
  124  11:01  Marine x2  
  124  11:03  Supply Depot, SCV x3  
  139  11:04  Siege Tank  
  142  11:11  Factory  
  142  11:12  Marine  
  142  11:15  SCV x3  
  142  11:18  Marine x7  
  149  11:19  Marine  
  153  11:27  SCV  
  153  11:29  Terran Infantry Armor Level 2  
  153  11:30  Marine  
  155  11:33  Supply Depot  
  155  11:34  Supply Depot  
  155  11:40  Refinery  
  155  11:41  Refinery  
  155  11:42  Marine, SCV, Missile Turret  
  155  11:43  Marine x3  
  155  11:44  Marine x3  
  163  11:50  Missile Turret  
  163  11:54  Viking, Siege Tank  
  166  11:55  Viking  
  166  11:59  Marine  
  166  12:00  Marine x3  
  153  12:13  Marine x2  
  153  12:15  Planetary Fortress, Factory Tech Lab  
  142  12:17  SCV x3  
  142  12:20  Marine x4  
  148  12:24  Marine x3  
  148  12:28  Viking  
  148  12:29  Siege Tank  
  156  12:33  Marine x2  
  157  12:37  Marine, SCV  
  157  12:38  Marine  
  157  12:43  Marine x2  
  157  12:44  Marine  
  162  12:47  Siege Tank  
  162  12:49  Marine x2  
  164  13:01  Marine, Siege Tank  
  164  13:02  Marine  
  164  13:05  Marine x3  
  153  13:06  Marine x2  
  153  13:08  SCV  
  153  13:09  SCV x3  
  147  13:19  Medivac x2  
  153  13:21  Marine x2  
  153  13:23  Marine  
  154  13:29  Starport  
  154  13:30  Starport, Terran Infantry Weapons Level 3  
  154  13:31  Marine  
  154  13:33  Marine, SCV  
  154  13:34  Marine  
  157  13:40  Siege Tank  
  164  13:41  Siege Tank  
  164  13:42  Marine  
  164  13:43  Marine x2  
  164  13:44  Marine  
  164  13:47  SCV  
  164  13:48  SCV  
  170  13:50  Marine x2  
  170  13:51  Marine  
  174  13:59  Viking x2  
  178  14:03  Marine x2  
  178  14:08  Terran Infantry Armor Level 3  
  179  14:11  Starport Reactor x2  
  179  14:13  Siege Tank  
  179  14:16  Marine x3  
  186  14:19  Siege Tank  
  186  14:23  Marine x2  
  190  14:28  Marine x2  
  190  14:29  Viking  
  194  14:35  Marine  
  195  14:39  Marine  
  195  14:40  Marine  
  195  14:45  Marine x2, Siege Tank  
  198  14:51  Siege Tank  
  164  15:17  Siege Tank  
  167  15:23  Siege Tank  
  167  15:24  Orbital Command  
  167  15:28  Viking x2  
  174  15:30  Viking  
  176  15:36  SCV  
  176  15:37  SCV  
  176  15:39  Command Center  
  178  15:49  Siege Tank  
  181  15:55  Siege Tank  
  184  15:59  Viking  
  184  16:09  Marine x2  
  184  16:10  Marine x4  
  193  16:21  Siege Tank  
  193  16:28  Siege Tank, Command Center  
  193  16:30  Command Center  
  150  16:41  Marine x2  
  150  16:42  Marine x5  
  154  16:47  Viking  
  154  16:53  Siege Tank  
  157  16:54  Viking  
  157  16:58  Viking  
  157  17:04  Viking  
  154  17:09  Marine x2  
  154  17:10  Marine x6  
  154  17:11  Marine  
  154  17:13  Refinery  
  163  17:17  Siege Tank  
  166  17:27  Marine x2, Siege Tank  
  171  17:34  Viking  
  171  17:36  SCV  
  174  17:38  Refinery  
  174  17:39  Viking  
  174  17:44  Marine x4  
  176  17:46  Missile Turret  
  176  17:47  Marine x2  
  176  17:50  Marine  
  183  17:52  Siege Tank  
  180  18:04  Siege Tank  
  180  18:05  Viking  
  179  18:07  Marine x2  
  179  18:08  Marine  
  182  18:15  Viking  
  181  18:20  Marine x2  
  181  18:21  Marine x2  
  184  18:28  Viking x2  
  190  18:40  SCV x2, Planetary Fortress  
  190  18:48  Missile Turret x2  
  189  18:59  Viking x2  
  189  19:02  Siege Tank  
  167  19:10  Missile Turret  
  167  19:13  Marine x3  
  167  19:16  Marine x2  
  159  19:17  Marine  
  157  19:26  Marine  
  157  19:28  Marine  
  157  19:30  Marine  
  157  19:31  Marine x2  
  157  19:34  Marine  
  157  19:35  Marine  
  152  19:39  Orbital Command  
  152  19:41  Siege Tank  
  152  19:42  Siege Tank  
  152  19:44  Marine  
  159  19:45  Marine  
  159  19:48  Marine  
  159  19:49  Marine x2  
  159  19:52  Marine, Missile Turret  
  164  19:53  Marine  
  165  20:01  Marine  
  165  20:03  Marine  
  165  20:06  Marine, Viking  
  170  20:13  Marine x4, Siege Tank  
  177  20:14  Siege Tank  
  177  20:19  Marine  
  146  20:31  Marine x4  
  140  20:41  Marine x3  
  142  20:45  Refinery, Siege Tank  
  142  20:46  Refinery x2  
  142  20:49  Marine x4  
  149  20:59  Marine x3  
Show
View Real Time Build Order
Export as new Build Order

Seither Terran - Winner!

Build Orders:  

Get SALT Encoding   

  12  0:00  SCV  
  13  0:12  SCV  
  14  0:17  Supply Depot  
  14  0:24  SCV  
  15  0:38  SCV  
  15  0:39  Barracks  
  16  0:43  Refinery  
  16  0:50  SCV  
  17  1:01  Refinery  
  17  1:02  SCV  
  18  1:14  SCV  
  19  1:27  Reaper, Orbital Command  
  19  1:29  Supply Depot  
  20  1:48  Factory  
  19  1:55  SCV  
  19  1:59  Reaper  
  21  2:08  SCV  
  22  2:20  SCV  
  23  2:25  Command Center  
  23  2:33  Hellion  
  23  2:34  Reaper  
  27  2:37  SCV  
  27  2:46  Supply Depot  
  27  2:49  SCV  
  28  2:59  Hellion  
  28  3:01  SCV  
  31  3:06  Starport  
  31  3:16  Barracks Tech Lab  
  31  3:17  SCV  
  32  3:23  Factory Tech Lab  
  32  3:26  Supply Depot  
  32  3:30  SCV  
  33  3:37  Orbital Command  
  33  3:42  SCV  
  33  3:43  Cyclone  
  37  3:54  SCV  
  38  3:56  Orbital Command  
  38  3:58  Raven  
  38  4:07  Barracks Reactor  
  38  4:11  SCV  
  38  4:23  Siege Tank  
  41  4:25  SCV x2  
  41  4:27  Command Center  
  43  4:34  Supply Depot  
  42  4:46  Marine  
  42  4:47  Marine  
  42  4:51  SCV x2  
  46  4:53  Raven  
  46  4:57  Barracks  
  46  4:58  Barracks  
  48  5:09  SCV  
  48  5:10  SCV  
  50  5:20  Siege Tank  
  53  5:23  Marine  
  53  5:24  Marine  
  53  5:26  SCV x2  
  57  5:28  Refinery  
  57  5:32  Refinery  
  55  5:47  Barracks Reactor, Orbital Command  
  55  5:48  Marine  
  55  5:49  SCV, Stimpack  
  58  5:50  SCV  
  58  5:56  Starport Reactor  
  58  6:01  Supply Depot, Engineering Bay, SCV  
  58  6:02  SCV, Engineering Bay  
  60  6:08  Marine x3  
  63  6:14  SCV x2  
  63  6:15  SCV  
  63  6:16  Siege Tank  
  63  6:17  Supply Depot  
  69  6:26  SCV x2  
  69  6:27  Marine, SCV  
  69  6:28  Marine x4  
  69  6:29  Terran Infantry Armor Level 1, Terran Infantry Weapons Level 1  
  77  6:35  Medivac  
  79  6:42  Orbital Command  
  79  6:45  Marine x2  
  79  6:46  Marine  
  82  6:48  SCV x2  
  82  7:00  SCV x2  
  84  7:02  Marine x2  
  84  7:03  Marine  
  87  7:08  Medivac x2  
  87  7:13  SCV x3  
  87  7:14  Siege Tank  
  95  7:17  Supply Depot x2  
  95  7:19  Barracks  
  95  7:20  Barracks  
  95  7:23  Marine x2  
  95  7:24  Marine x3  
  95  7:27  SCV  
  95  7:28  Armory  
  101  7:32  Refinery x2  
  101  7:33  Combat Shield  
  101  7:34  Supply Depot, SCV x2  
  98  7:43  SCV  
  99  7:45  Marine x4, Sensor Tower  
  99  7:46  Marine, SCV x2  
  107  7:58  SCV x2  
  107  7:59  SCV, Siege Tank  
  107  8:03  Marine x4  
  116  8:07  Marine, Medivac  
  116  8:08  Medivac  
  116  8:09  Barracks Reactor x2  
  116  8:11  Supply Depot, SCV x2  
  116  8:12  Supply Depot  
  122  8:27  Marine x3  
  122  8:31  Marine  
  122  8:32  Marine  
  122  8:33  Supply Depot x2  
  126  8:34  Siege Tank  
  126  8:35  Terran Infantry Weapons Level 2  
  126  8:36  Supply Depot  
  129  8:45  Marine x2  
  129  8:47  Marine  
  129  8:48  Marine x4  
  134  8:49  Terran Infantry Armor Level 2  
  134  8:50  Medivac x2  
  130  9:01  Marine x2  
  131  9:03  Marine  
  131  9:04  Command Center  
  131  9:06  Supply Depot  
  132  9:16  Terran Vehicle Weapons Level 1  
  131  9:17  Supply Depot  
  131  9:19  Marine x6  
  131  9:23  Marine x2  
  140  9:35  Siege Tank  
  140  9:37  Marine x2  
  144  9:38  Viking  
  144  9:40  Sensor Tower  
  144  9:42  Viking  
  144  9:43  Factory  
  148  9:46  Barracks Reactor  
  148  9:53  Marine x5  
  148  9:55  Supply Depot  
  148  9:58  Supply Depot  
  152  10:07  Marine x2  
  152  10:08  Marine  
  152  10:10  Siege Tank  
  152  10:11  Marine x2  
  159  10:17  Viking x2  
  159  10:22  Marine x4  
  160  10:29  Marine x4  
  160  10:30  Siege Tank  
  166  10:47  Viking  
  134  10:51  Marine  
  134  10:52  Marine x3  
  130  10:58  Siege Tank  
  130  11:00  Viking  
  130  11:02  Siege Tank  
  138  11:15  Marine x6  
  138  11:16  Terran Infantry Weapons Level 3  
  144  11:19  Missile Turret x2  
  144  11:27  Planetary Fortress  
  144  11:31  Marine x2  
  144  11:32  Marine  
  147  11:39  Sensor Tower  
  147  11:47  Marine x2  
  147  11:48  Terran Infantry Armor Level 3, Siege Tank  
  147  11:49  Viking, Siege Tank  
  154  11:57  Marine x5  
  155  12:02  Terran Vehicle Weapons Level 2  
  144  12:15  Marine x3  
  137  12:17  Viking  
  137  12:19  Viking  
  137  12:20  Siege Tank  
  137  12:21  Siege Tank  
  146  12:30  Marine x7  
  146  12:33  Marine  
  155  12:37  SCV x3  
  155  12:38  SCV  
  158  12:49  SCV x2  
  158  12:53  Starport x2  
  149  13:05  Marine  
  149  13:06  Marine x5  
  149  13:10  Liberator x2  
  156  13:20  Marine x3  
  156  13:21  Command Center  
  156  13:25  Siege Tank  
  156  13:26  Siege Tank  
  165  13:29  Marine x3, Starport Tech Lab  
  165  13:30  Starport Tech Lab  
  165  13:32  SCV x3  
  165  13:33  Refinery x2, SCV  
  172  13:53  Viking x2  
  176  14:01  Raven x2  
  172  14:11  Marine x4  
  172  14:12  Siege Tank x2  
  182  14:17  Corvid Reactor, Missile Turret  
  182  14:23  Viking x2  
  186  14:24  Marine x2  
  186  14:27  Missile Turret  
  186  14:30  Missile Turret  
  187  14:39  Command Center  
  187  14:44  Viking x2  
  188  14:52  Marine x3  
  184  14:53  Marine x4  
  184  14:54  Marine x3  
  165  15:08  Viking x2  
  169  15:14  Raven x2  
  169  15:18  Marine  
  169  15:19  Marine x6  
  180  15:36  Marine x3  
  180  15:37  Marine  
  180  15:38  Orbital Command  
  180  15:42  Viking x2  
  188  15:53  Orbital Command  
  185  15:57  Raven x2  
  189  16:22  Marine x4  
  193  16:30  Sensor Tower  
  174  16:43  Planetary Fortress  
  174  16:45  Marine x3  
  174  16:46  Marine x7  
  186  16:47  Siege Tank, Liberator  
  186  16:48  Liberator  
  192  16:56  Sensor Tower  
  192  16:59  Medivac x2  
  196  17:05  Marine x4  
  197  17:09  SCV x3, Missile Turret  
  197  17:11  Missile Turret  
  200  17:25  Orbital Command  
  200  17:26  Sensor Tower  
  200  17:34  Fusion Core  
  200  17:49  Refinery  
  200  17:51  Refinery  
  200  17:52  Starport x2  
  190  18:14  Raven x2, Viking  
  190  18:15  Viking  
  196  18:30  Starport Tech Lab  
  196  18:31  Command Center  
  196  18:43  Siege Tank  
  196  18:48  Starport Tech Lab  
  176  18:59  Viking  
  176  19:00  Raven x2, Viking  
  150  19:14  Marine x10  
  150  19:15  Siege Tank  
  150  19:16  Viking, Siege Tank  
  150  19:17  Viking  
  142  19:31  Marine  
  142  19:32  Marine x3  
  142  19:36  Viking x2  
  140  19:40  SCV x4, Missile Turret  
  140  19:43  Battlecruiser x2  
  156  19:48  Siege Tank x2  
  156  19:50  Orbital Command  
  160  20:00  Viking  
  160  20:02  Marine x7  
  160  20:06  Viking, Liberator, Starport Tech Lab  
  174  20:20  Siege Tank x2  
  169  20:26  Liberator  
  169  20:27  Marine  
  169  20:28  Marine x3  
  169  20:30  Liberator  
  169  20:34  Orbital Command, Command Center  
  172  20:36  Liberator  
  181  20:55  SCV x2  
  181  20:56  SCV  

Tags
 
Add a new tag
Caveats
  • Supply blocks, unpowered buildings, or Contaminate may cause inaccurate times.
  • Supply counts are checked every 10 seconds.